 Dungeon Crawl Stone Soup version 0.30-a0-174-gbc10bd73c2 (webtiles) character file.

Game seed: 7062115829449939893

156 qw the Chopper (level 5, 0/32 HPs)
             Began as a Gargoyle Fighter on Oct 1, 2022.
             Killed by divine providence
             ... invoked by an orc priest
              (9 damage)
             ... on level 3 of the Dungeon.
             The game lasted 00:01:02 (2390 turns).

qw the Chopper (Gargoyle Fighter)                   Turns: 2390, Time: 00:01:03

Health: 0/32       AC: 15    Str: 22    XL:     5   Next: 37%
Magic:  0/5        EV:  6    Int:  8    God:
Gold:   111        SH:  4    Dex:  9    Spells: 4/4 levels left

rFire   . . .      SeeInvis .    Y - +1 war axe
rCold   . . .      Faith    .    c - +0 buckler
rNeg    + . .      Spirit   +    i - +0 plate armour
rPois   inf        Reflect  .    (no helmet)
rElec   +          Harm     .    (no cloak)
rCorr   +          Rampage  .    (no gloves)
Will    .....                    (no boots)
Stlth   ..........               k - amulet of guardian spirit
HPRegen 0.25/turn                j - ring of resist corrosion
MPRegen 0.09/turn                (no ring)

@: no status effects
A: sickness immunity, AC +4, negative energy resistance 1, electricity
resistance, torment resistance 1, petrification resistance
a: no special abilities


You were on level 3 of the Dungeon.
You visited 1 branch of the dungeon, and saw 3 of its levels.

You collected 111 gold pieces.


Innate Abilities, Weirdness & Mutations

You are immune to sickness and miasma.
Your stone body is resilient. (AC +4)
You are immune to poison.
You resist negative energy. (rN+)
You are resistant to electric shocks. (rElec)
You are resistant to unholy torment.
You are immune to petrification.


   Skills:
 - Level 3.2 Fighting
 + Level 4.9 Axes
 - Level 3.2 Armour
 - Level 3.2 Shields


You had 4 spell levels left.
You didn't know any spells.
Your spell library was empty.

Inventory:

Hand Weapons
 b - a +2 flail of draining
 Y - a +1 war axe (weapon)
Armour
 c - a +0 buckler (worn)
 i - a +0 plate armour (worn)
Jewellery
 e - a ring of see invisible
 j - a ring of resist corrosion (left hand)
 k - an amulet of guardian spirit (around neck)
Scrolls
 g - a scroll of noise {unknown}
 h - 2 scrolls of identify
Potions
 a - a potion of magic {unknown}
 d - 4 potions of might
 f - a potion of flight {unknown}
 l - a potion of attraction {unknown}

Dungeon Overview and Level Annotations

Branches:
Dungeon (3/15)

Altars:


Message History

An orc priest comes into view. It is wielding a +0 dagger.
An orc comes into view. It is wielding a +0 whip.
The orc priest moves out of view.
A hobgoblin comes into view.
You barely miss the orc priest.
The orc priest invokes the aid of Beogh against you.
You barely resist. You slash the orc priest!
You kill the orc priest!
The orc priest invokes the aid of Beogh against you.
Beogh smites you!
You slash the orc wizard!
The orc wizard is almost dead.
The orc wizard hits you but does no damage.
You barely miss the orc. The orc hits you but does no damage.
You barely miss the orc.
The orc wizard gestures wildly while chanting.
The orc wizard flickers and vanishes!
Deactivating autopickup; reactivate with Ctrl-A.
The orc hits you but does no damage.
You closely miss the orc. The orc hits you but does no damage.
You completely miss the orc. The orc hits you but does no damage.
The orc priest mumbles some strange prayers to Beogh against you.
Beogh smites you! The orc barely misses you.
You closely miss the orc.
The orc priest looks braver for a moment.
The orc hits you with a +2 flail of venom.
You slash the orc!
You kill the orc!
A magic dart appears from out of thin air!
The magic dart hits you.
You slash the orc priest!
The orc priest is heavily wounded.
The orc priest hits you but does no damage.
The orc priest invokes the aid of Beogh against you.
Beogh smites you!
You die...

#.......# #........#
#.....##########)###
#.....###.........#
##<###.)'.........#
### #.##.........#
#.##.....#####
#.##.....#
#.##.....#
#@######## #o#


o{o ..g.. ....... ......... #.......... #..........# You could see 2 orc
priests, an orc and a hobgoblin.

Vanquished Creatures
  An orc priest (D:3)
  A gnoll (D:1)
  3 adders (D:3)
  4 worms
  5 dart slugs
  2 orcs (D:3)
  5 ball pythons
  5 endoplasms
  2 giant cockroaches (D:1)
  8 goblins
  6 hobgoblins
  2 jackals (D:2)
  5 quokkas
  3 bats
  4 frilled lizards
  9 kobolds
  2 rats (D:2)
67 creatures vanquished.

Vanquished Creatures (others)
  11 plants (D:3)
11 creatures vanquished.

Grand Total: 78 creatures vanquished

Notes
Turn   | Place    | Note
-------+----------+-------------------------------------------
     0 | D:1      | qw the Gargoyle Fighter began the quest for the Orb.
     0 | D:1      | Reached XP level 1. HP: 14/14 MP: 1/1
     0 | D:1      | 0 ||| qw: Version: 0.2-a-13-gfc7b4b4
     0 | D:1      | 0 ||| qw: Game counter: 1913
     0 | D:1      | 0 ||| qw: Always use a shield: true
     0 | D:1      | 0 ||| qw: God list: Okawaru
     0 | D:1      | 0 ||| qw: Allow faded altars: false
     0 | D:1      | 0 ||| qw: Do Orc after D:15 true
     0 | D:1      | 0 ||| qw: Do second Lair branch before Depths: true
     0 | D:1      | 0 ||| qw: Lair rune preference: random
     0 | D:1      | 0 ||| qw: Plans: Normal, Zot:1-4, God:TSO, Crypt, Tomb,
                  | Pan, Slime:5, Hells, Abyss, Orb
     0 | D:1      | 0 ||| PLANNING D:1-11
    96 | D:1      | Reached skill level 2 in Axes
   157 | D:1      | 157 ||| Stepping ~*~*~tactically~*~*~ (stealth).
   160 | D:1      | 160 ||| Stepping ~*~*~tactically~*~*~ (hiding).
   164 | D:1      | Reached XP level 2. HP: 19/19 MP: 2/2
   449 | D:1      | 449 ||| Stepping ~*~*~tactically~*~*~ (hiding).
   573 | D:1      | Reached skill level 3 in Axes
   577 | D:1      | Reached XP level 3. HP: 23/23 MP: 3/3
   596 | D:1      | 596 ||| DROPPING +0 club.
   896 | D:1      | Found a faded altar of an unknown god.
  1026 | D:1      | 1026 ||| UPGRADING to amulet of guardian spirit.
  1031 | D:1      | 1031 ||| UPGRADING to ring of resist corrosion.
  1032 | D:1      | 1032 ||| READING scroll labelled FIUPSIFIRPH.
  1033 | D:1      | 1033 ||| READING scroll labelled EPNET CISER.
  1034 | D:1      | 1034 ||| READING 2 scrolls labelled SAAPNO QOSTUAC.
  1097 | D:2      | 1097 ||| Stepping ~*~*~tactically~*~*~ (stealth).
  1150 | D:2      | 1150 ||| Stepping ~*~*~tactically~*~*~ (stealth).
  1192 | D:2      | Reached XP level 4. HP: 27/28 MP: 4/4
  1259 | D:2      | 1259 ||| Stepping ~*~*~tactically~*~*~ (hiding).
  1261 | D:2      | 1261 ||| Stepping ~*~*~tactically~*~*~ (hiding).
  1263 | D:2      | 1263 ||| Stepping ~*~*~tactically~*~*~ (hiding).
  1264 | D:2      | 1264 ||| Stepping ~*~*~tactically~*~*~ (hiding).
  1276 | D:2      | 1276 ||| Stepping ~*~*~tactically~*~*~ (stealth).
  1285 | D:2      | 1285 ||| Stepping ~*~*~tactically~*~*~ (stealth).
  1286 | D:2      | 1286 ||| Stepping ~*~*~tactically~*~*~ (stealth).
  1301 | D:2      | 1301 ||| DROPPING +0 whip.
  1320 | D:2      | Reached skill level 4 in Axes
  1454 | D:2      | 1454 ||| Stepping ~*~*~tactically~*~*~ (stealth).
  1794 | D:2      | 1794 ||| UPGRADING to +0 plate armour.
  1804 | D:2      | 1804 ||| DROPPING +0 scale mail.
  1805 | D:2      | 1805 ||| READING 3 scrolls labelled OMIFIP AGUEM.
  1806 | D:2      | 1806 ||| DROPPING 2 scrolls of vulnerability.
  1922 | D:3      | 1922 ||| Stepping ~*~*~tactically~*~*~ (stealth).
  1930 | D:3      | 1930 ||| DROPPING +2 mace of holy wrath.
  2245 | D:3      | Reached XP level 5. HP: 30/32 MP: 5/5
  2389 | D:3      | HP: 8/32 [something/magic dart (4)]
  2390 | D:3      | Killed from afar by an orc priest

Levels and vault maps discovered:
D:1:      dpeg_arrival_three_smaller_balls, layout_basic,
          hellmonk_ecumenical_altar_inner_sanctum, minmay_hexomino_c4
D:2:      layout_basic
D:3:      layout_basic, serial_forest, infiniplex_forest_corner_2,
          infiniplex_forest_clump_long, infiniplex_forest_straight_5,
          infiniplex_forest_lined_corner, infiniplex_forest_clump_C,
          infiniplex_forest_clump_long, infiniplex_forest_straight_3

Skill      XL: |  1  2  3  4 |
---------------+-------------+-----
Axes           | 2 3 4 |  4.9
Fighting       | |  3.2
Armour         | |  3.2
Shields        | |  3.2

Action                   |  1- 3 |  4- 6 || total
-------------------------+-------+-------++-------
Melee: War axe           |   117 |    78 ||   195
  Use: Scroll            |     3 |     1 ||     4
Armor: Scale mail        |    66 |     6 ||    72
       Plate armour      |       |    28 ||    28
Dodge: Dodged            |    50 |    17 ||    67
Block: Buckler           |    22 |     6 ||    28

Table legend:
 A = Non-vault XP
 B = Vault XP
 C = Vault XP percentage of total XP
 D = Non-vault monster count
 E = Vault monster count
 F = Vault count percentage of total count
                 A         B        C        D         E       F
            +---------+---------+-------+---------+---------+-------
      Total |     211 |      12 |   5.4 |      59 |       8 |  11.9
            +---------+---------+-------+---------+---------+-------
        D:1 |      48 |      12 |  20.0 |      17 |       8 |  32.0
        D:2 |      53 |       0 |   0.0 |      25 |       0 |   0.0
        D:3 |     110 |       0 |   0.0 |      17 |       0 |   0.0
            +---------+---------+-------+---------+---------+-------
